 Dungeon Crawl Stone Soup version 0.20.0-15-g7f486f2 (webtiles) character file.

24805 StormFighter the Unseen (level 12, -5/60 HPs)
             Began as a Spriggan Enchanter on June 16, 2017.
             Was a High Priest of Dithmenos.
             Slain by a white ugly thing (8 damage)
             ... in an ice cave.
             The game lasted 00:51:32 (15213 turns).

StormFighter the Unseen (Spriggan Enchanter)       Turns: 15213, Time: 00:51:33

Health: -5/60      AC:  9    Str:  4    XL:     12   Next: 83%
Magic:  5/26       EV: 27    Int: 31    God:    Dithmenos [*****.]
Gold:   657        SH:  0    Dex: 12    Spells: 17/29 levels left

rFire    . . .     SeeInvis +   O - +10 dagger of Defence by Offence {drain, rPois rF- Int+9 Dex-4}
rCold    + . .     Gourm    .   (shield restricted)
rNeg     . . .     Faith    .   V - +2 robe {rC+}
rPois    +         Spirit   .   y - +0 hat
rElec    .         Reflect  .   (no cloak)
rCorr    .         Harm     .   (gloves unavailable)
MR       ++...                  (boots unavailable)
Stlth    ++++++++++             S - amulet of magic regeneration
Regen    0.2/turn               A - ring of protection from fire
MPRegen  0.3/turn               B - +5 ring of protection

@: wreathed by umbra, very quick
A: unfitting armour, see invisible, herbivore 3, speed 3, slow metabolism 2
a: Shadow Step, Shadow Form, Renounce Religion


You were in an ice cave.
You worshipped Dithmenos.
Dithmenos was extremely pleased with you.
You were not hungry.

You visited 3 branches of the dungeon, and saw 15 of its levels.
You also visited: Labyrinth, Ossuary and Ice Cave.

You collected 657 gold pieces.

Inventory:

Hand Weapons
 t - a +0 blowgun
 O - the +10 dagger of Defence by Offence (weapon) {drain, rPois rF- Int+9 Dex-4}
   (You found it in a labyrinth)

   A truly terrible weapon, it drains the life of those it strikes.
   It affects your intelligence (+9).
   It affects your dexterity (-4).
   It makes you vulnerable to fire.
   It protects you from poison.
Missiles
 u - 49 poisoned needles
 Q - a throwing net (quivered)
Armour
 y - a +0 hat (worn)
 z - a +0 robe of magic resistance
 V - a +2 robe of cold resistance (worn)
Jewellery
 w - an uncursed amulet of guardian spirit
 A - a ring of protection from fire (left hand)
 B - a +5 ring of protection (right hand)
 L - an uncursed amulet of regeneration
 S - an amulet of magic regeneration (around neck)
Wands
 p - a wand of acid (14/15)
 K - a wand of iceblast (6/15)
 R - a wand of digging (17/24)
Scrolls
 e - 4 scrolls of enchant weapon
 g - 2 scrolls of recharging
 h - 13 scrolls of identify
 j - 5 scrolls of enchant armour
 l - 3 scrolls of fear
 o - 5 scrolls of amnesia
 r - 6 scrolls of teleportation
 s - 9 scrolls of remove curse
 v - a scroll of holy word {unknown}
 F - a scroll of fog
 G - 3 scrolls of immolation
 P - a scroll of blinking {unknown}
 T - a scroll of vulnerability {unknown}
Potions
 a - a potion of resistance {unknown}
 b - a potion of lignification {unknown}
 i - 3 potions of mutation
 k - 3 potions of flight {unknown}
 m - 2 potions of heal wounds {unknown}
 n - 2 potions of magic {unknown}
 q - 3 potions of agility {unknown}
 x - a potion of ambrosia {unknown}
 C - 4 potions of brilliance {unknown}
 D - 2 potions of degeneration {unknown}
 E - 11 potions of curing
 J - a potion of haste {unknown}
 M - a potion of berserk rage {unknown}
Books
 c - a book of Maledictions

   Spells                             Type                      Level
   a - Corona                         Hexes                        1
   b - Ensorcelled Hibernation        Hexes/Ice                    2
   c - Confuse                        Hexes                        3
   d - Tukima's Dance                 Hexes                        3
   e - Dazzling Spray                 Conjuration/Hexes            3
 H - a book of Callings

   Spells                             Type                      Level
   a - Summon Small Mammal            Summoning                    1
   b - Call Imp                       Summoning                    2
   c - Call Canine Familiar           Summoning                    3
   d - Summon Guardian Golem          Hexes/Summoning              3
   e - Summon Lightning Spire         Summoning/Air                4
   f - Summon Ice Beast               Ice/Summoning                4
 I - a book of Air

   Spells                             Type                      Level
   a - Shock                          Conjuration/Air              1
   b - Swiftness                      Charms/Air                   2
   c - Static Discharge               Conjuration/Air              3
   d - Airstrike                      Air                          4
   e - Lightning Bolt                 Conjuration/Air              5
 U - the Handbook of the Fetching Birds
   (You found it in a labyrinth)

   Spells                             Type                      Level
   a - Swiftness                      Charms/Air                   2
   b - Poisonous Vapours              Poison/Air                   2
   c - Mephitic Cloud                 Conjuration/Poison/Air       3
   d - Tukima's Dance                 Hexes                        3
   e - Leda's Liquefaction            Hexes/Earth                  4
   f - Lightning Bolt                 Conjuration/Air              5
Comestibles
 d - 8 bread rations
 f - 6 fruits
 N - 7 royal jellies


   Skills:
 * Level 5.4 Fighting
 - Level 8.3 Short Blades
 - Level 15.1 Dodging
 * Level 16.9 Stealth
 - Level 9.4 Spellcasting
 + Level 10.9 Hexes


You had 17 spell levels left.
You knew the following spells:

 Your Spells              Type           Power        Failure   Level  Hunger
a - Corona                Hex            ######.      1%          1    None
b - Ensorcelled Hibernat  Hex/Ice        #####.       1%          2    None
c - Confuse               Hex            ######..     1%          3    None
d - Tukima's Dance        Hex            ######..     1%          3    None
e - Mephitic Cloud        Conj/Pois/Air  ##......     11%         3    None


Dungeon Overview and Level Annotations

Branches:
Dungeon (13/15)            Temple (1/1) D:4            Lair (1/6) D:9
    Orc (0/2) D:9          Vaults (0/5) D:13

Altars:
Dithmenos
Fedhas
Kikubaaqudgha
Makhleb
Okawaru
Qazlal
Uskayaw
Vehumet
Zin

Shops:
D:8 [

Annotations:
IceCv 1 transporter, Azzok's ghost, adept GrFi; Nicoed's ghost, journeyman DEFE


Innate Abilities, Weirdness & Mutations

You are very small and have problems with some larger weapons.
You are too small for most types of armour.
You have supernaturally acute eyesight. (SInv)
You are a herbivore.
You cover ground extremely quickly.
You need consume almost no food.


Message History

You see here a scroll of identify.
Azzok's ghost misses you.
You see here 3 gold pieces.
Casting: Confuse
Confirm with . or Enter, or press ? or * to list all spells.
Aiming: Confuse
Press: ? - help, Shift-Dir - straight line, f - Azzok's ghost, p - Nicoed's ghost
Aim: Azzok's ghost (umbra, chance to defeat MR: 13%) Azzok's ghost resists with almost no effort.
Nicoed's ghost wails, "To die, to sleep, no more."
You barely miss the white ugly thing. The white ugly thing bites you.
The white ugly thing freezes you! You resist.
* * * LOW HITPOINT WARNING * * *
You hit the white ugly thing but do no damage.
The ice beast misses you.
The white ugly thing seems less confused.
The white ugly thing bites you!
* * * LOW HITPOINT WARNING * * *
The white ugly thing freezes you! You resist.
You die...

##..........#
##...........#
#.......8..$.#
#.........%.8#
#.∩.∩....).$©#
#.....W...%.8#
#.....W.8..?.#
##.....YYu...#
##......@...#
##........##
####...###
#####


You could see a white ugly thing, 2 ice beasts, Azzok's ghost and Nicoed's
ghost.

Vanquished Creatures
  A minotaur (Lab)
  The ghost of ThereIsNoGod the Geomancer, a journeyman SpEE of Sif Muna (D:10)
  A vault guard (D:13)
  A hydra (Lair:1)
  Erolcha (D:13)
  Erica (Lair:1)
  A centaur warrior (D:9)
  4 two-headed ogres
  3 unseen horrors
  A deep elf mage (D:12)
  A manticore (D:13)
  An ugly thing (D:11)
  A cyclops (D:11)
  The ghost of Oozefury the Insei, a novice MfMo of Cheibriados (Ossuary)
  A gargoyle (D:11)
  A spiny frog (Lair:1)
  A komodo dragon (Lair:1)
  2 ice devils (Lair:1)
  4 trolls
  A hornet (D:13)
  A hippogriff (D:8)
  10 yaks
  Sigmund (D:2)
  A basilisk (D:13)
  A wraith (Ossuary)
  Eustachio (D:6)
  5 hungry ghosts
  2 steam dragons
  5 water moccasins
  2 porcupines
  A black bear (D:9)
  7 orc warriors
  The ghost of blackwizard the Ducker, an amateur TrFi of Zin (D:5)
  9 ice beasts
  3 sky beasts
  A phantom (D:4)
  A hornet zombie (D:11)
  A necrophage (D:11)
  An eye of draining (D:8)
  7 ogres
  10 centaurs
  3 big kobolds
  14 bullfrogs
  Blork the orc (D:4)
  3 gnoll sergeants (D:9)
  A wyvern zombie (D:11)
  2 scorpions
  A water moccasin skeleton (D:8)
  3 wights
  2 spriggan skeletons (Lab)
  A troll skeleton (Lab)
  A howler monkey (D:13)
  6 crimson imps
  A bullfrog zombie (D:6)
  3 centaur zombies
  5 jellies
  8 hounds
  A gnoll shaman (D:8)
  5 orc priests
  A bullfrog skeleton (D:10)
  A centaur skeleton (D:10)
  5 iguanas
  Ijyb (D:3)
  11 orc wizards
  6 worker ants
  An ogre skeleton (Lab)
  A hound skeleton (D:7)
  A mummy (Ossuary)
  A worker ant zombie (D:10)
  Robin (D:3)
  6 gnolls
  13 adders
  A howler monkey skeleton (D:8)
  4 shadow imps
  An ooze (D:1)
  An adder zombie (D:6)
  2 adder skeletons (D:4)
  2 worms
  A dart slug (D:3)
  8 leopard geckos
  31 orcs
  A ball python (D:3)
  11 bats
  6 giant cockroaches
  13 goblins
  4 hobgoblins
  3 jackals (D:1)
  9 kobolds
  5 quokkas
  3 frilled lizards
  4 gnoll skeletons (Ossuary)
  A goblin zombie (D:6)
  3 kobold skeletons (Ossuary)
  A leopard gecko zombie (D:6)
  18 orc skeletons (Ossuary)
  3 quokka zombies
  9 rats
355 creatures vanquished.

Vanquished Creatures (collateral kills)
  A vault guard (D:13)
  An ogre (D:13)
  2 wights (D:11)
  An orc (D:9)
5 creatures vanquished.

Vanquished Creatures (others)
  3 dancing weapons
  8 fungi (D:9)
  2 plants (D:9)
13 creatures vanquished.

Grand Total: 373 creatures vanquished

Notes
Turn   | Place    | Note
-------+----------+-------------------------------------------
     0 | D:1      | StormFighter the Spriggan Enchanter began the quest for the Orb.
     0 | D:1      | Reached XP level 1. HP: 9/9 MP: 5/5
   242 | D:1      | Reached XP level 2. HP: 13/13 MP: 4/6
   301 | D:1      | Learned a level 2 spell: Ensorcelled Hibernation
   461 | D:1      | Reached skill level 5 in Stealth
  1091 | D:2      | Reached XP level 3. HP: 16/16 MP: 8/8
  1119 | D:2      | Noticed Sigmund
  1135 | D:2      | Killed Sigmund
  1135 | D:2      | Reached skill level 5 in Hexes
  1135 | D:2      | Reached XP level 4. HP: 13/21 MP: 7/11
  1135 | D:2      | Reached XP level 5. HP: 15/24 MP: 8/13
  1177 | D:2      | Learned a level 3 spell: Confuse
  1181 | D:2      | Learned a level 3 spell: Tukima's Dance
  1444 | D:2      | Reached skill level 6 in Stealth
  1876 | D:3      | Reached skill level 5 in Spellcasting
  1966 | D:3      | Noticed Ijyb
  2099 | D:3      | Killed Ijyb
  2099 | D:3      | Reached XP level 6. HP: 22/28 MP: 8/14
  2267 | D:3      | Noticed Robin
  2636 | D:3      | Found a shadowy altar of Dithmenos.
  2636 | D:3      | Found a hide-covered altar of Uskayaw.
  2657 | D:3      | Became a worshipper of Dithmenos the Shadowed
  2835 | D:3      | Killed Robin
  4534 | D:4      | Reached XP level 7. HP: 32/32 MP: 17/17
  4630 | D:4      | Reached skill level 7 in Stealth
  4757 | D:4      | Found a staircase to the Ecumenical Temple.
  4762 | Temple   | Entered the Ecumenical Temple
  4771 | D:4      | Noticed Blork the orc
  4778 | D:4      | Killed Blork the orc
  4778 | D:4      | Reached * piety under Dithmenos
  5001 | D:5      | Entered Level 5 of the Dungeon
  5155 | D:5      | Noticed blackwizard's ghost (amateur TrFi)
  5170 | D:5      | Killed blackwizard's ghost
  5597 | D:6      | Reached XP level 8. HP: 36/36 MP: 20/20
  5667 | D:6      | Reached skill level 8 in Stealth
  5739 | D:6      | Found a sand-covered staircase.
  5788 | Ossuary  | Entered an ossuary
  5929 | Ossuary  | Noticed Oozefury's ghost (novice MfMo)
  5994 | Ossuary  | Killed Oozefury's ghost
  6179 | Ossuary  | Reached ** piety under Dithmenos
  6484 | D:6      | Reached skill level 9 in Stealth
  6854 | D:6      | Noticed Eustachio
  6873 | D:6      | Found a radiant altar of Vehumet.
  6885 | D:6      | Killed Eustachio
  6885 | D:6      | Reached XP level 9. HP: 27/39 MP: 14/23
  7447 | D:8      | Reached skill level 10 in Stealth
  7457 | D:8      | Noticed a two-headed ogre
  7470 | D:8      | Killed a two-headed ogre
  7516 | D:8      | Found Ecowyts's Armour Shop.
  7530 | D:8      | Reached *** piety under Dithmenos
  7926 | D:8      | Noticed a two-headed ogre
  7956 | D:8      | Killed a two-headed ogre
  7956 | D:8      | Reached skill level 11 in Stealth
  7956 | D:8      | Reached XP level 10. HP: 44/44 MP: 9/24
  8630 | D:8      | Reached skill level 5 in Short Blades
  8711 | D:9      | Noticed a two-headed ogre
  8734 | D:9      | Killed a two-headed ogre
  8734 | D:9      | Reached skill level 10 in Dodging
  8734 | D:9      | Reached skill level 12 in Stealth
  8812 | D:9      | Found a staircase to the Orcish Mines.
  8815 | D:9      | Noticed a centaur warrior
  9124 | D:9      | Killed a centaur warrior
  9953 | D:9      | Reached **** piety under Dithmenos
 10020 | D:9      | Reached skill level 13 in Stealth
 10027 | D:9      | Reached XP level 11. HP: 33/47 MP: 15/25
 10127 | D:9      | Found a staircase to the Lair.
 10173 | D:9      | Found a blossoming altar of Fedhas.
 10173 | D:9      | Found an iron altar of Okawaru.
 10508 | D:10     | Entered Level 10 of the Dungeon
 10508 | D:10     | Noticed ThereIsNoGod's ghost (journeyman SpEE)
 10810 | D:10     | Noticed a two-headed ogre
 10817 | D:10     | Killed a two-headed ogre
 11205 | D:10     | Killed ThereIsNoGod's ghost
 11494 | D:11     | Reached skill level 14 in Stealth
 11746 | D:11     | Reached ***** piety under Dithmenos
 12174 | D:11     | Got a steaming quarterstaff
 12175 | D:11     | Identified the +1 quarterstaff of Fucuel {holy, rElec rF+ Stlth+} (You found it on level 11 of the Dungeon)
 12506 | D:11     | Noticed a red ugly thing
 12508 | D:11     | Killed a red ugly thing
 12856 | D:12     | Reached skill level 1 in Fighting
 13104 | D:12     | Noticed a deep elf mage
 13107 | D:12     | Killed a deep elf mage
 13349 | D:13     | Reached XP level 12. HP: 34/54 MP: 21/26
 13365 | D:13     | Noticed a vault guard
 13365 | D:13     | Noticed a vault guard
 13419 | D:13     | Found a labyrinth entrance.
 13428 | Lab      | Entered a labyrinth
 13561 | Lab      | Reached skill level 15 in Stealth
 13566 | Lab      | Reached skill level 10 in Hexes
 14047 | Lab      | Noticed a minotaur
 14056 | Lab      | Killed a minotaur
 14056 | Lab      | Reached skill level 15 in Dodging
 14061 | Lab      | Identified the Handbook of the Fetching Birds
 14074 | Lab      | Got a dazzling dagger
 14075 | Lab      | Identified the +10 dagger of Defence by Offence {drain, rPois rF- Int+9 Dex-4} (You found it in a labyrinth)
 14217 | D:13     | Learned a level 3 spell: Mephitic Cloud
 14223 | D:13     | Noticed Erolcha
 14228 | D:13     | Killed Erolcha
 14279 | D:13     | Found a gate to the Vaults.
 14279 | D:13     | Noticed a vault guard
 14279 | D:13     | Noticed a vault guard
 14279 | D:13     | Noticed a vault guard
 14279 | D:13     | Noticed a vault guard
 14280 | D:13     | Noticed a vault guard
 14280 | D:13     | Noticed a vault guard
 14290 | D:13     | Killed a vault guard
 14309 | D:13     | Killed a vault guard
 14309 | D:13     | Reached skill level 16 in Stealth
 14592 | D:13     | Noticed a fire dragon
 14747 | Lair:1   | Entered Level 1 of the Lair of Beasts
 14818 | Lair:1   | Noticed Erica
 14826 | Lair:1   | Killed Erica
 14896 | Lair:1   | Noticed an eight-headed hydra
 14907 | Lair:1   | Reached skill level 5 in Fighting
 14921 | Lair:1   | Killed an eight-headed hydra
 15070 | Lair:1   | Found a frozen archway.
 15165 | IceCv    | Entered an ice cave
 15165 | IceCv    | Noticed Nicoed's ghost (journeyman DEFE)
 15165 | IceCv    | Noticed Azzok's ghost (adept GrFi)
 15171 | IceCv    | Found a transporter.
 15213 | IceCv    | HP: 3/60 [white ugly thing (14)]
 15213 | IceCv    | Slain by a white ugly thing

Skill      XL: |  1  2  3  4  5  6  7  8  9 10 11 12 |
---------------+-------------------------------------+-----
Spellcasting   | 3 4 5 6 7 9 |  9.4
Stealth        | 5 6 7 9 11 13 14 16 | 16.9
Hexes          | 4 5 6 7 9 10 | 10.9
Dodging        | 8 12 14 15 | 15.1
Short Blades   | 4 6 8 |  8.3
Fighting       | 1 5 |  5.4

Action                   |  1- 3 |  4- 6 |  7- 9 | 10-12 || total
-------------------------+-------+-------+-------+-------++-------
Melee: Dagger            |    69 |   119 |   367 |   366 ||   921
 Cast: Corona            |    11 |     7 |       |       ||    18
       Ensorcelled Hiber |     5 |    60 |    34 |   115 ||   214
       Confuse           |       |    16 |    57 |    84 ||   157
       Tukima's Dance    |       |       |       |    13 ||    13
  Use: Scroll            |       |     6 |     3 |    10 ||    19
 Stab: Sleeping          |    13 |    45 |    46 |   126 ||   230
       Confused          |       |     6 |    34 |    36 ||    76
       Distracted        |       |     1 |       |       ||     1
  Eat: Royal jelly       |       |     1 |     1 |     1 ||     3
       Fruit             |       |       |     1 |     1 ||     2
       Bread ration      |       |       |       |     1 ||     1
Armor: Robe              |     8 |    16 |    14 |    11 ||    49
Dodge: Dodged            |    67 |    96 |   212 |   219 ||   594
